 Crawl Stoat Soup version 0.23-s2-232-g2f2dfc82cb (webtiles) character file.

2 FMitz the Gusty (level 1, -1/11 HPs)
             Began as a Halfling Air Elementalist on Aug 4, 2023.
             Slain by a leopard gecko (4 damage)
             ... on level 1 of the Dungeon.
             The game lasted 00:01:58 (244 turns).

FMitz the Gusty (Halfling Air Elementalist)          Turns: 244, Time: 00:01:59

Health: -1/11      AC:  2    Str:  9    XL:     1   Next: 33%
Magic:  1/3        EV: 14    Int: 13    God:
Gold:   0          SH:  0    Dex: 14    Spells: 2/3 levels left

rFire    . . .     SeeInvis .   (weapon restricted)
rCold    . . .     Gourm    .   (shield restricted)
rNeg     . . .     Faith    .   a - +0 robe
rPois    .         Spirit   .   (no helmet)
rElec    .         Warding  .   (no cloak)
rCorr    .         Reflect  .   (no gloves)
MR       .....     Harm     .   (no boots)
Stlth    ++........             (no amulet)
HPRegen  0.03/turn              (no ring)
MPRegen  0.08/turn              (no ring)

@: very slightly contaminated
A: small, mutation resistance 1
a: no special abilities


You were on level 1 of the Dungeon.
You were not hungry.

You visited 1 branch of the dungeon, and saw 1 of its levels.

Inventory:

Armour
 a - a +0 robe (worn)
Comestibles
 c - a bread ration


   Skills:
 + Level 0.1 Fighting
 - Level 2.1 Dodging
 - Level 2.1 Stealth
 * Level 1.6 Spellcasting
 - Level 0.7 Conjurations
 + Level 3.0 Air Magic


You had 2 spell levels left.
You knew the following spells:

 Your Spells              Type           Power        Failure   Level  Hunger
a - Shock                 Conj/Air       5/25         12%         1    ##.....

Your spell library contained the following spells:

 Spells                   Type           Power        Failure   Level  Hunger
 Swiftness                Chrm/Air       5/100        22%         2    ###....
 Static Discharge         Conj/Air       5/100        36%         3    ####...
 Airstrike                Air            8/200        58%         4    #####..
 Lightning Bolt           Conj/Air       5/200        98%         5    ######.


Dungeon Overview and Level Annotations

Branches:
Dungeon (1/15)

Altars:


Innate Abilities, Weirdness & Mutations

You are small and have problems with some larger weapons.
You are somewhat resistant to further mutation.


Message History

Aim: a leopard gecko (clinging)
You miscast Shock.
You are very lightly contaminated with residual magic.
The air around you crackles with energy!
The leopard gecko barely misses you.
Casting: Shock (safe; 12% risk of failure)
Confirm with . or Enter, or press ? or * to list all spells.
Aiming: Shock (safe; 12% risk of failure)
Press: ? - help, Shift-Dir - straight line, f/p - leopard gecko
Aim: a leopard gecko (clinging)
The zap misses the leopard gecko.
The leopard gecko misses you. The leopard gecko misses you.
You aren't carrying any potions.
Unknown command.
As you read the scroll labeled JUYKKI ENOESAGE, it crumbles to dust.
You hear a loud clanging noise!
It was a scroll of noise.
You hear a shout! x2
The leopard gecko barely misses you. The leopard gecko bites you.
You die...

........................#
.###########†######....##
. ##########.######...##
#..............##.### .
#..............##.# .
#..##'#######..##.# .
#..#........#..##.# .
#..+........#.l...# .
#..#........#.@#### .
#..#...<....#..#
.##..#........#..#
.....#........+..#
.##..#........#..# .
#..#######+##(.# .
#..............# .
#..............# .
#####.##########


You could see a leopard gecko.

Vanquished Creatures
  A hobgoblin (D:1)
  A bat (D:1)
2 creatures vanquished.

Notes
Turn   | Place    | Note
-------+----------+-------------------------------------------
     0 | D:1      | FMitz the Halfling Air Elementalist began the quest for the
                  | Orb.
     0 | D:1      | Reached XP level 1. HP: 11/11 MP: 3/3
    78 | D:1      | Noticed voronchuk's ghost (weakling MDAK)
   244 | D:1      | Slain by a leopard gecko

Vault maps used:
D:1:      lemuel_arrival_room

Action                   || total
-------------------------++-------
 Cast: Shock             ||    10
  Use: Scroll            ||     1
Armor: Robe              ||     4
Dodge: Dodged            ||    14

Table legend:
 A = Spawn XP
 B = Non-spawn XP
 C = Spawn XP percentage of total XP
 D = Spawn monster count
 E = Non-spawn monster count
 F = Spawn count percentage of total count
 G = Total turns spent on level
                    A         B        C        D         E        F      G
               +---------+---------+-------+---------+---------+-------+---------
         Total |       0 |       3 |   0.0 |       0 |       2 |   0.0 |   244
               +---------+---------+-------+---------+---------+-------+---------
           D:1 |       0 |       3 |   0.0 |       0 |       2 |   0.0 |   244
               +---------+---------+-------+---------+---------+-------+---------
